 Dungeon Crawl Stone Soup version 0.19-a0-1889-g9c603be (webtiles) character file.

41 prinygod the Digger (level 3, 11/24 HPs)
             Began as a Vampire Earth Elementalist on Oct 18, 2016.
             Quit the game on level 2 of the Dungeon on Oct 19, 2016.
             The game lasted 00:06:43 (810 turns).

prinygod the Digger (Vampire Earth Elementalist)     Turns: 810, Time: 00:06:43

Health: 11/24      AC:  2    Str:  7    XL:     3   Next: 32%
Magic:  5/6        EV: 13    Int: 18    God:
Gold:   37         SH:  0    Dex: 14    Spells: 2 memorised, 3 levels left

rFire  . . .     SeeInvis +     f - +0 dagger
rCold  . . .     Gourm    .     c - +0 robe
rNeg   . . .     Faith    .     (no shield)
rPois  .         Spirit   .     (no helmet)
rElec  .         Reflect  .     (no cloak)
rCorr  .         Harm     .     (no gloves)
MR     .....                    (no boots)
Stlth  ++........               (no amulet)
                                (no ring)
                                (no ring)

@: very slightly contaminated, regenerating quickly
A: fangs 3, see invisible, unbreathing
a: no special abilities


You were on level 2 of the Dungeon.
You were very full.

You visited 1 branch of the dungeon, and saw 2 of its levels.

You collected 37 gold pieces.

Inventory:

Hand Weapons
 f - a +0 dagger (weapon)
Missiles
 b - 11 stones
Armour
 c - a +0 robe (worn)
Scrolls
 a - 2 scrolls of teleportation {unknown}
 g - 2 scrolls of identify {unknown}
 i - a scroll of noise {unknown}
 j - a scroll of blinking {unknown}
 l - a scroll of random uselessness {unknown}
Potions
 d - a potion of blood
 h - a potion of resistance {unknown}
 k - a potion of heal wounds {unknown}
 m - 2 potions of lignification {unknown}
Books
 e - a book of Geomancy (quivered)

   Spells                             Type                      Level
   a - Sandblast                      Earth                        1
   b - Passwall                       Transmutation/Earth          2
   c - Stone Arrow                    Conjuration/Earth            3
   d - Petrify                        Transmutation/Earth          4
   e - Lee's Rapid Deconstruction     Earth                        5


   Skills:
 + Level 0.7 Short Blades
 + Level 2.5 Dodging
 + Level 3.3 Stealth
 + Level 2.3 Spellcasting
 + Level 1.5 Transmutations
 * Level 3.5 Earth Magic


You had 3 spell levels left.
You knew the following spells:

 Your Spells              Type           Power        Failure   Level  Hunger
a - Sandblast             Erth           ##....       4%          1    #......
b - Passwall              Tmut/Erth      ##........   12%         2    ##.....


Dungeon Overview and Level Annotations

Branches:
Dungeon (2/15)

Altars:


Innate Abilities, Weirdness & Mutations

Your natural rate of healing is unusually fast.
You have razor-sharp teeth.
You have supernaturally acute eyesight. (SInv)
You can survive without breathing.


Message History

Press: ? - help, Shift-Dir - straight line, f - goblin
Aim: a goblin, wielding a hunting sling You miscast Sandblast.
You are very lightly contaminated with residual magic.
The floor vibrates.
Wear which item? (? for menu, Esc to quit)
You don't have any such object.
Wear which item? (? for menu, Esc to quit)
You don't have any such object.
Wear which item? (? for menu, Esc to quit)
Okay, then.
Welcome back, prinygod the Vampire Earth Elementalist.
Press ? for a list of commands and other information.
Quiver which item? (- for none, * to show all) (? for menu, Esc to quit)
You don't have any such object.
Quiver which item? (- for none, * to show all) (? for menu, Esc to quit)
Quivering
e - a book of Geomancy for throwing.
The hobgoblin closely misses you.
The goblin shoots a stone.
The stone closely misses you.
Are you sure you want to abandon this character and quit the game? (Confirm with "yes".)

######### #.......#
######### #.#...#.#
#.......####.#.#.#.#####
#.......'....#.#.#....<#
#.......######.#.#######
#.......(@.# #.#..
#......gg#.# #.###
+.......g#.# #.#
#.......g#.# #.#
#........#.. ..#
########'###
#......(...#
..#..........#
........†....#


You could see a hobgoblin and 3 goblins.

Vanquished Creatures
  2 oozes (D:1)
  2 dart slugs (D:1)
  A leopard gecko (D:2)
  A ball python (D:1)
  A giant cockroach (D:1)
  3 hobgoblins (D:1)
  6 jackals (D:1)
  3 kobolds
  A bat (D:1)
  A frilled lizard (D:2)
  A goblin (D:1)
  4 rats (D:1)
26 creatures vanquished.

Notes
Turn   | Place    | Note
-------+----------+-------------------------------------------
     0 | D:1      | prinygod the Vampire Earth Elementalist began the quest for the Orb.
     0 | D:1      | Reached XP level 1. HP: 13/13 MP: 3/3
   169 | D:1      | Reached XP level 2. HP: 6/19 MP: 1/5
   173 | D:1      | Learned a level 2 spell: Passwall
   397 | D:1      | Reached XP level 3. HP: 22/24 MP: 6/6
   810 | D:2      | Quit the game

Vault maps used:
D:1:      lightli_arrival_isolated_outpost, minmay_misc_feat_tower
D:2:      marbit_many_paths, first_bread, uniq_robin, uniq_natasha

Action                   || total
-------------------------++-------
Melee: Dagger            ||    76
       Bite              ||    11
 Cast: Sandblast         ||    16
 Stab: Sleeping          ||     6
  Eat: Corpse            ||    10
Armor: Robe              ||    15
Dodge: Dodged            ||    68
